 Dungeon Sprint DCSS version 0.30.1-9-gdf580d7c3d (webtiles) character file.

Game seed: 2880143923830811680

282 Heoruswealwe the Spear-Bearer (level 6, -4/62 HPs)
             Began as a Minotaur Fighter on Sept 29, 2023.
             Slain by a hornet (9 damage)
             ... in the Dungeon (Sprint IX: "|||||||||||||||||||||||||||||").
             The game lasted 00:01:01 (111 turns).

Heoruswealwe the Spear-Bearer (Minotaur Fighter)     Turns: 111, Time: 00:01:02

Health: -4/62      AC:  8    Str: 22    XL:     6   Next: 6%
Magic:  5/5        EV:  9    Int:  5    God:
Gold:   0          SH:  4    Dex: 10    Spells: 5/5 levels left

rFire   . . .        a - +0 trident
rCold   . . .        d - +0 buckler
rNeg    . . .        c - +0 scale mail
rPois   .            (helmet restricted)
rElec   .            (no cloak)
rCorr   .            (no gloves)
SInv    .            (no boots)
Will    .....        (no amulet) Stlth
                     (no ring)
HPRegen 0.30/turn    (no ring)
MPRegen 0.09/turn

%: no teleportation
@: no status effects
A: horns 2, retaliatory headbutt
a: no special abilities


You were in the Dungeon.
You visited 1 branch

Inventory:

Hand Weapons
 a - a +0 trident (weapon)
Armour
 c - a +0 scale mail (worn)
 d - a +0 buckler (worn)
Jewellery
 m - a +2 ring of protection
 n - a +3 ring of intelligence
Wands
 l - a wand of iceblast (10)
Scrolls
 j - 2 scrolls of blinking
 k - 2 scrolls of amnesia
Potions
 b - a potion of might
 e - 5 potions of curing
 f - 3 potions of heal wounds
 g - a potion of haste
 h - a potion of invisibility
 i - a potion of berserk rage


   Skills:
 + Level 8.4 Fighting
 * Level 10.9 Polearms
 + Level 8.4 Armour
 - Level 3.6 Shields


You had 5 spell levels left.
You didn't know any spells.
Your spell library was empty.

Dungeon Overview and Level Annotations

Branches:
Dungeon (1/1)

Altars:
Cheibriados
Dithmenos
Elyvilon
Fedhas
Gozag
Hepliaklqana
Kikubaaqudgha
Makhleb
Nemelex Xobeh
Okawaru
Qazlal
Ru
Sif Muna
Trog
Uskayaw
Vehumet
Wu Jian
Xom
Yredelemnul
Zin
The Shining One
Jiyva
Lugonu


Innate Abilities, Weirdness & Mutations

You have a pair of horns on your head.
You reflexively headbutt those who attack you in melee.


Message History

The troll shouts!
The orc wizard shouts!
The orc wizard gestures wildly while chanting.
The orc wizard flickers and vanishes!
Deactivating autopickup; reactivate with Ctrl-A.
You hit the yak.
The yak is lightly wounded.
The yak gores you!
You barely miss the yak. You headbutt the yak.
The yak is lightly wounded.
The yak closely misses you.
You puncture the yak!
The yak is moderately wounded.
The yak gores you!
You puncture the yak! Your headbutt misses the yak.
The yak is severely wounded.
The yak gores you!
You hit the yak but do no damage. Your headbutt misses the yak.
The yak is severely wounded.
The yak completely misses you.
You puncture the yak!
The yak is almost dead.
The yak gores you!
* * * LOW HITPOINT WARNING * * *
You hit the yak. You headbutt the yak.
You kill the yak!
Your Fighting skill gained 2 levels and is now at level 8!
Your Polearms skill gained 2 levels and is now at level 10!
Your Armour skill gained 2 levels and is now at level 8!
You have reached level 5!
You barely miss the orc wizard. You puncture the orc wizard!
The orc wizard is heavily wounded.
The orc wizard hits you but does no damage.
You puncture the orc wizard!
You kill the orc wizard!
The hornet barely misses you. You furiously retaliate!
You headbutt the hornet, but do no damage.
You have reached level 6!
You barely miss the hornet. The hornet stings you!
You die...

▓!▓
▓.▓
▓)▓
▓.▓
▓[▓
▓[▓
▓[▓
▓.▓
▓@▓
▓y▓
▓D▓
▓T▓
▓.▓
▓{▓
▓.▓
▓.▓


You could see a troll, a hornet and an acid dragon.

Vanquished Creatures
  A yak (D)
  A phantom (D)
  An orc wizard (D)
  2 adders (D)
  2 white imps (D)
  A bat (D)
  A hobgoblin (D)
  A jackal (D)
  A quokka (D)
  A frilled lizard (D)
12 creatures vanquished.

Notes
Turn   | Place    | Note
-------+----------+-------------------------------------------
     0 | D        | Heoruswealwe the Minotaur Fighter began the quest for the
                  | Orb.
     0 | D        | Reached XP level 1. HP: 19/19 MP: 0/0
    13 | D        | Reached skill level 3 in Polearms
    25 | D        | Noticed a phantom
    33 | D        | Reached skill level 4 in Polearms
    33 | D        | Reached XP level 2. HP: 27/28 MP: 1/1
    38 | D        | Reached skill level 5 in Polearms
    41 | D        | Reached skill level 5 in Fighting
    41 | D        | Reached skill level 5 in Armour
    41 | D        | Reached XP level 3. HP: 25/36 MP: 2/2
    48 | D        | Killed a phantom
    49 | D        | Reached skill level 8 in Polearms
    49 | D        | Reached XP level 4. HP: 31/45 MP: 3/3
    56 | D        | Found a snail-covered altar of Cheibriados.
    56 | D        | Found a shadowy altar of Dithmenos.
    56 | D        | Found a white marble altar of Elyvilon.
    56 | D        | Found a blossoming altar of Fedhas.
    56 | D        | Found an opulent altar of Gozag.
    57 | D        | Found a hazy altar of Hepliaklqana.
    58 | D        | Found a viscous altar of Jiyva.
    59 | D        | Found an ancient bone altar of Kikubaaqudgha.
    60 | D        | Found a corrupted altar of Lugonu.
    61 | D        | Found a burning altar of Makhleb.
    62 | D        | Found a sparkling altar of Nemelex Xobeh.
    63 | D        | Found an iron altar of Okawaru.
    64 | D        | Found a stormy altar of Qazlal.
    65 | D        | Found a sacrificial altar of Ru.
    66 | D        | Found a shimmering blue altar of Sif Muna.
    67 | D        | Found a bloodstained altar of Trog.
    68 | D        | Found a hide-covered altar of Uskayaw.
    69 | D        | Found a radiant altar of Vehumet.
    70 | D        | Found an ornate altar of the Wu Jian Council.
    71 | D        | Found a shimmering altar of Xom.
    72 | D        | Found a basalt altar of Yredelemnul.
    73 | D        | Found a glowing silver altar of Zin.
    74 | D        | Found a glowing golden altar of the Shining One.
   100 | D        | Noticed a yak
   100 | D        | Noticed a hornet
   100 | D        | Noticed an acid dragon
   100 | D        | Noticed a troll
   106 | D        | HP: 2/45 [yak (12)]
   107 | D        | Killed a yak
   108 | D        | Reached skill level 10 in Polearms
   108 | D        | Reached XP level 5. HP: 3/53 MP: 4/4
   111 | D        | Reached XP level 6. HP: 4/62 MP: 5/5
   111 | D        | Slain by a hornet

Illustrated notes

Levels and vault maps discovered:
D:        linesprint [early_d, line_temple, items_1, d_10, items_2, lair_1,
          lair_end, items_3, orc_1, orc_end, items_4, d_15, swamp_1, shoals_1,
          snake_1, spider_1, d_20, vaults_1, items_5, swamp_end, shoals_end,
          snake_end, spider_end, vaults_end, d_27, items_6, zot_1, zot_end,
          crypt_end, forest_end, elf_end, slime_end, tomb_end, abyss_end,
          pan_hell_end]

Skill      XL: |  1  2  3  4 |
---------------+-------------+-----
Polearms       | 4 5 8 10 | 10.9
Fighting       | 4 5 6 8 |  8.4
Armour         | 4 5 6 8 |  8.4
Shields        | |  3.6

Action                     |  1- 3 |  4- 6 || total
---------------------------+-------+-------++-------
  Melee: Trident           |    37 |    12 ||    49
         Headbutt          |     6 |     2 ||     8
 Armour: Scale mail        |    14 |     1 ||    15
  Dodge: Dodged            |    14 |     5 ||    19
  Block: Buckler           |     5 |       ||     5
